Map: Prion Terraces

Players

Busker

  • Race: Zerg Zerg
  • League: Master

Miszu - Winner!

  • Race: Terran Terran
  • League: Master

VOD

Have the link to the VOD?

Description

Time

  • Played on: March 15, 2016, 5:02 p.m.
  • Length: 7:50
Show
View Real Time Build Order
Export as new Build Order

Busker Zerg 

Build Orders: Hatch First 

Get SALT Encoding   

  12  0:01  Drone  
  13  0:12  Overlord  
  13  0:17  Drone  
  14  0:30  Drone x2  
  16  0:37  Drone  
  17  0:52  Hatchery  
  17  0:55  Drone  
  17  0:58  Drone  
  18  1:10  Extractor  
  17  1:13  Spawning Pool  
  17  1:15  Drone  
  17  1:19  Drone  
  18  1:28  Drone  
  19  1:39  Overlord  
  19  1:49  Drone  
  20  2:00  Queen  
  22  2:02  Zergling x2  
  22  2:03  Queen  
  22  2:04  Zergling x2  
  26  2:09  Metabolic Boost  
  26  2:14  Drone  
  26  2:15  Drone  
  28  2:23  Drone  
  29  2:40  Drone x3  
  31  2:46  Queen x2  
  31  2:47  Overlord  
  34  3:00  Overlord  
  34  3:02  Drone  
  34  3:03  Drone  
  36  3:06  Drone  
  33  3:24  Queen x2  
  34  3:30  Zergling x14  
  41  3:40  Drone x2  
  42  4:00  Queen  
  42  4:01  Lair  
  44  4:05  Drone x7  
  44  4:09  Extractor  
  50  4:15  Drone  
  51  4:19  Overlord  
  49  4:41  Zergling x18  
  55  4:49  Roach Warren, Queen  
  53  5:07  Drone x4  
  53  5:10  Extractor  
  53  5:11  Overlord  
  53  5:12  Nydus Network  
  53  5:28  Queen x2  
  53  5:33  Roach x5  
  53  5:34  Overlord  
  67  5:50  Nydus Canal  
  67  5:52  Overlord x2  
  67  5:53  Roach  
  67  5:54  Roach  
  71  6:05  Roach x2  
  65  6:18  Drone x3  
  65  6:19  Drone  
  68  6:25  Drone, Evolution Chamber  
  68  6:26  Evolution Chamber  
  68  6:29  Hatchery  
  66  6:39  Drone x2  
  68  6:54  Drone x6  
  68  7:00  Extractor  
  73  7:03  Overlord  
  73  7:04  Overlord  
  73  7:27  Roach  
  73  7:28  Roach x7  
Show
View Real Time Build Order
Export as new Build Order

Miszu Terran - Winner!

Build Orders:  

Get SALT Encoding   

  12  0:00  SCV  
  13  0:12  SCV  
  14  0:18  Supply Depot  
  14  0:25  SCV  
  15  0:40  SCV  
  15  0:41  Barracks  
  16  0:44  Refinery  
  16  0:52  SCV  
  17  1:03  Barracks  
  17  1:04  SCV  
  18  1:15  Barracks  
  18  1:19  SCV  
  19  1:29  Reaper  
  19  1:32  Refinery  
  20  1:40  Supply Depot  
  20  1:50  Reaper  
  21  1:55  Orbital Command  
  21  2:01  Reaper  
  22  2:10  Reaper  
  23  2:21  Supply Depot, SCV  
  24  2:23  Reaper  
  25  2:39  Reaper  
  25  2:42  Reaper  
  25  2:43  SCV  
  28  2:57  Reaper  
  29  3:05  SCV  
  30  3:07  Command Center  
  30  3:11  Reaper  
  31  3:17  SCV  
  32  3:25  Reaper  
  33  3:29  SCV  
  33  3:31  Barracks Tech Lab  
  34  3:41  SCV  
  35  3:57  SCV  
  35  3:58  Barracks Reactor  
  35  4:01  Command Center  
  36  4:03  Marine, Barracks Tech Lab  
  36  4:09  SCV  
  38  4:12  Supply Depot  
  38  4:15  Factory  
  38  4:17  Stimpack  
  39  4:25  Orbital Command  
  39  4:28  SCV  
  38  4:45  Marine  
  38  4:46  Marine x3  
  38  4:47  SCV  
  43  4:59  SCV  
  44  5:03  Marine x2, SCV  
  44  5:04  Marine  
  44  5:06  Marine  
  49  5:07  Starport  
  49  5:08  Factory Reactor  
  49  5:11  SCV  
  50  5:15  SCV  
  51  5:21  Marine x2  
  51  5:27  Marine x2  
  55  5:28  SCV  
  55  5:29  SCV, Orbital Command  
  55  5:33  Refinery  
  57  5:39  Marine x2  
  57  5:40  SCV  
  57  5:41  SCV  
  61  5:45  Marine x2  
  62  5:53  Supply Depot, SCV x2  
  62  5:54  SCV  
  62  5:55  Medivac  
  62  5:56  Medivac, Factory Tech Lab  
  69  5:57  Marine x2  
  71  6:04  Supply Depot x2  
  71  6:05  Supply Depot  
  71  6:13  SCV  
  71  6:14  SCV x2  
  74  6:18  Refinery  
  74  6:20  Marine x3  
  78  6:26  SCV x3  
  81  6:38  Marine x2, SCV x2  
  84  6:41  Medivac  
  84  6:42  Barracks x2  
  84  6:43  Medivac  
  89  6:50  Marine, SCV  
  89  6:51  Orbital Command  
  89  6:53  Marine  
  92  6:55  Marine  
  92  7:02  Supply Depot x2, Engineering Bay  
  92  7:03  Marine  
  92  7:08  Marine  
  94  7:10  Marine  
  94  7:13  Marine  
  95  7:21  Marine  
  96  7:26  Marine  
  96  7:28  Marine  
  96  7:29  SCV  
  100  7:30  SCV x2  
  100  7:31  Marine  
  100  7:35  Barracks Reactor x2  
Tags
 
Add a new tag
Caveats
  • Supply blocks, unpowered buildings, or Contaminate may cause inaccurate times.
  • Supply counts are checked every 10 seconds.